 Dungeon Crawl Stone Soup version 0.27.1-34-g3ba077fa99 (webtiles) character file.

Game seed: 2096039324281674968

56 Mitsuki the Grave Robber (level 3, -2/19 HPs)
             Began as a Deep Elf Necromancer on Jan 7, 2022.
             Slain by a howler monkey zombie (3 damage)
             ... on level 3 of the Dungeon.
             The game lasted 00:07:34 (2618 turns).

Mitsuki the Grave Robber (Deep Elf Necromancer)     Turns: 2618, Time: 00:07:34

Health: -2/19      AC:  2    Str:  6    XL:     3   Next: 69%
Magic:  10/10      EV: 13    Int: 19    God:
Gold:   84         SH:  0    Dex: 15    Spells: 8/9 levels left

rFire    . . .     SeeInvis +   e - +0 dagger
rCold    . . .     Faith    .   (no shield)
rNeg     . . .     Spirit   .   a - +0 robe
rPois    .         Reflect  .   (no helmet)
rElec    .         Harm     .   (no cloak)
rCorr    .         Rampage  .   (no gloves)
Will     .....                  (no boots)
Stlth    ++........             (no amulet)
HPRegen  0.06/turn              c - ring of see invisible
MPRegen  0.12/turn              (no ring)

@: no status effects
A: no striking features
a: no special abilities


You were on level 3 of the Dungeon.
You visited 1 branch of the dungeon, and saw 3 of its levels.

You collected 84 gold pieces.

Inventory:

Hand Weapons
 e - a +0 dagger (weapon)
Armour
 a - a +0 robe (worn)
Magical Staves
 d - a staff of cold
 g - a staff of earth
Jewellery
 c - a ring of see invisible (left hand)
 i - an amulet of guardian spirit
Scrolls
 h - 3 scrolls of identify {unknown}
 j - a scroll of fear {unknown}
 k - a scroll of vulnerability {unknown}
 l - 2 scrolls of amnesia {unknown}
Potions
 b - 3 potions of lignification {unknown}
 f - 2 potions of resistance {unknown}


   Skills:
 + Level 3.3 Dodging
 - Level 2.4 Stealth
 + Level 3.8 Spellcasting
 * Level 5.6 Necromancy


You had 8 spell levels left.
You knew the following spells:

 Your Spells              Type           Power      Damage    Failure   Level
a - Pain                  Necr           100%       1d9       1%          1

Your spell library contained the following spells:

 Spells                   Type           Power      Damage    Failure   Level
 Animate Skeleton         Necr           50%        N/A       1%          1
 Vampiric Draining        Necr           12%        2d7       4%          3
 Corona                   Hex            3%         N/A       14%         1
 Animate Dead             Necr           12%        N/A       14%         4
 Ensorcelled Hibernation  Hex/Ice        6%         N/A       22%         2
 Agony                    Necr           25%        N/A       36%         5
 Tukima's Dance           Hex            3%         N/A       38%         3


Dungeon Overview and Level Annotations

Branches:
Dungeon (3/15)

Altars:
Dithmenos

Shops:
D:1 *

Annotations:
D:3 Grinder


Message History

You hit the howler monkey zombie.
The howler monkey zombie is heavily damaged.
The howler monkey zombie misses you.
You hit the howler monkey zombie.
The howler monkey zombie is heavily damaged.
The howler monkey zombie misses you.
You hit the howler monkey zombie.
The howler monkey zombie is severely damaged.
The howler monkey zombie barely misses you.
You hit the howler monkey zombie but do no damage.
The howler monkey zombie is severely damaged.
The howler monkey zombie barely misses you.
You barely miss the howler monkey zombie.
The howler monkey zombie is severely damaged.
The howler monkey zombie misses you.
You hit the howler monkey zombie but do no damage.
The howler monkey zombie is severely damaged.
The howler monkey zombie hits you but does no damage.
You hit the howler monkey zombie.
The howler monkey zombie is severely damaged.
The howler monkey zombie barely misses you.
You hit the howler monkey zombie.
The howler monkey zombie is almost destroyed.
The howler monkey zombie hits you.
You take 5 damage, and have 6/19 hp.
MASSIVE DAMAGE!!
You hit the howler monkey zombie.
The howler monkey zombie is almost destroyed.
The howler monkey zombie completely misses you.
You barely miss the howler monkey zombie.
The howler monkey zombie is almost destroyed.
The howler monkey zombie hits you.
* * * LOW HITPOINT WARNING * * *
You take 5 damage, and have 1/19 hp.
MASSIVE DAMAGE!!
You hit the howler monkey zombie.
The howler monkey zombie is almost destroyed.
The howler monkey zombie barely misses you.
You hit the howler monkey zombie but do no damage.
The howler monkey zombie is almost destroyed.
The howler monkey zombie hits you.
You die...

#.........# ##.##
#.######### #.# ...##
#.# #.#>### ##'##
#.....# ##...##
###.#.# ##.....##
.#.#..# ##.......##
#.#...####.........#
##.......+......@..+
##...####......Z..#
###..# ##.......##
#....# ##.....##
#.##########...## #.#
#.........## #.#
#.######..# #.#
#.######..#######
#.###.#...##........#


You could see a howler monkey zombie.

Vanquished Creatures
  An adder zombie (D:3)
  A worm (D:2)
  2 dart slugs
  2 ball pythons (D:1)
  9 endoplasms
  A giant cockroach (D:1)
  5 goblins
  3 hobgoblins
  4 kobolds
  A quokka (D:2)
  5 bats (D:1)
  7 rats
41 creatures vanquished.

Vanquished Creatures (others)
  A withered plant (D:3)
1 creature vanquished.

Grand Total: 42 creatures vanquished

Notes
Turn   | Place    | Note
-------+----------+-------------------------------------------
     0 | D:1      | Mitsuki the Deep Elf Necromancer began the quest for the
                  | Orb.
     0 | D:1      | Reached XP level 1. HP: 10/10 MP: 6/6
   184 | D:1      | Reached skill level 5 in Necromancy
   349 | D:1      | Reached XP level 2. HP: 14/15 MP: 6/8
   777 | D:1      | Found a faded altar of an unknown god.
  1227 | D:1      | Found Inuqysh's General Store.
  1553 | D:2      | Reached XP level 3. HP: 15/19 MP: 6/10
  2214 | D:2      | Found a shadowy altar of Dithmenos.
  2272 | D:3      | Noticed Grinder
  2618 | D:3      | Slain by a howler monkey zombie

Illustrated notes

Levels and vault maps discovered:
D:1:      matt_arrival_diagonals, layout_basic, serial_shops,
          nicolae_shop_trees, chequers_ecumenical_altar_lobes
D:2:      layout_rooms, basic_altar, kennysheep_generic_room_4
D:3:      layout_loops_corners, gammafunk_temple_overflow_pools, serial_undead,
          serial_undead_d, serial_undead_d, serial_undead_d, serial_undead_a,
          serial_undead_c, serial_undead_b, uniq_sigmund, uniq_grinder

Skill      XL: |  1  2 |
---------------+-------+-----
Necromancy     | 5 |  5.6
Dodging        | 3 |  3.3
Stealth        | |  2.4
Spellcasting   | |  3.8

Action                   || total
-------------------------++-------
Melee: Dagger            ||    36
 Cast: Pain              ||    69
 Stab: Sleeping          ||     1
Armor: Robe              ||     3
Dodge: Dodged            ||    21
